 Dungeon Crawl Stone Soup version 0.18.1-50-g88ac8fd (webtiles) character file.

136 magog001 the Sneak (level 4, -1/33 HPs)
             Began as a Vampire Assassin on Dec 9, 2016.
             Slain by Natasha (3 damage)
             ... on level 4 of the Dungeon.
             The game lasted 00:18:58 (2624 turns).

magog001 the Sneak (Vampire Assassin)               Turns: 2624, Time: 00:18:59

Health: -1/33      AC: 12    Str: 10    XL:     4   Next: 98%
Magic:  4/4        EV:  9    Int: 13    God:
Gold:   127        SH:  0    Dex: 16    Spells: 0 memorised, 3 levels left

rFire  . . .     SeeInvis +     a - +2 dagger
rCold  . . .     Gourm    .     q - +4 scale mail
rNeg   + . .     Faith    .     (no shield)
rPois  .         Spirit   .     (no helmet)
rElec  .         Dismiss  .     d - +0 cloak
rCorr  .         Reflect  .     (no gloves)
SustAt .         Harm     .     l - +0 pair of boots
MR     .....                    (no amulet)
Stlth  +++.......               (no ring)
                                (no ring)

@: slowed, very slow, not resistant to hostile enchantments, fairly stealthy
A: fangs 3, see invisible, unbreathing
a: Bat Form


You were on level 4 of the Dungeon.
You were not thirsty.

You visited 1 branch of the dungeon, and saw 4 of its levels.

You collected 127 gold pieces.

Inventory:

Hand Weapons
 a - a +2 dagger (weapon)
 b - a +0 blowgun
 i - a +0 short sword
 k - a +0 short sword
 m - a +0 short sword
 o - a +0 trident of piercing
Missiles
 e - 11 poisoned needles
 f - 2 curare-tipped needles
 u - 17 bolts
Armour
 d - a +0 cloak (worn)
 l - a +0 pair of boots (worn)
 q - a +4 scale mail (worn)
Scrolls
 g - 2 scrolls of identify
 h - a scroll of remove curse {unknown}
 j - a scroll of enchant weapon {unknown}
Potions
 c - a potion of degeneration {unknown}
 p - 12 potions of blood


   Skills:
 + Level 1.8 Fighting
 * Level 2.9 Short Blades
 * Level 2.7 Throwing
 * Level 0.4 Armour
 * Level 2.5 Dodging
 * Level 7.1 Stealth


You had 3 spell levels left.
You didn't know any spells.

Dungeon Overview and Level Annotations

Branches:
Dungeon (4/15)
 Temple: D:4-7

Altars:

Annotations:
D:3 ololoev's ghost, weakling DEFE
D:4 Natasha


Innate Abilities, Weirdness & Mutations

You have razor-sharp teeth.
You have supernaturally acute eyesight.
You can survive without breathing.


Message History

Natasha claws you but does no damage.
You hit Natasha but do no damage. Your bite misses Natasha.
Natasha is severely wounded.
Natasha casts a spell at you. The magic dart hits you!
You hit Natasha but do no damage.
Natasha is severely wounded.
Natasha claws you. The iron imp hits you.
* * * LOW HITPOINT WARNING * * *
Natasha stares at you and mumbles some strange words.
The magic dart hits you!
You hit Natasha but do no damage.
Natasha is heavily wounded.
Natasha claws you.
* * * LOW HITPOINT WARNING * * *
The iron imp hits you but does no damage.
You closely miss Natasha.
Natasha is heavily wounded.
Natasha claws you.
You die...

####
.#.###########
.#...........#
รท#.#########.#
<#.# #.# .#.#
#.# .#.#
#.######
'#'#####
#....@h#######
.......#
######5......#
..>.(..+
......'.......'
.......#
#######.......#
.......#
#.....###
.......#
#.....#
+#+#####
#.....# #.....#
.......


You could see an iron imp and Natasha.

Vanquished Creatures
  An orc wizard (D:3)
  Natasha (D:4)
  3 adders
  An ooze (D:1)
  A dart slug (D:1)
  A giant gecko (D:1)
  2 orcs (D:3)
  7 bats
  3 giant cockroaches
  7 goblins
  3 hobgoblins
  2 jackals (D:2)
  5 kobolds
  A quokka (D:2)
  2 ball pythons (D:4)
  4 giant newts
  7 rats
51 creatures vanquished.

Notes
Turn   | Place    | Note
--------------------------------------------------------------
     0 | D:1      | magog001 the Vampire Assassin began the quest for the Orb.
     0 | D:1      | Reached XP level 1. HP: 16/16 MP: 1/1
    31 | D:1      | Reached skill level 6 in Stealth
   287 | D:1      | Reached XP level 2. HP: 22/22 MP: 2/2
  1111 | D:1      | Reached XP level 3. HP: 24/27 MP: 3/3
  2215 | D:3      | Noticed ololoev's ghost (weakling DEFE)
  2289 | D:3      | Reached XP level 4. HP: 30/33 MP: 4/4
  2316 | D:3      | Noticed Natasha
  2316 | D:3      | Reached skill level 7 in Stealth
  2365 | D:4      | HP: 1/33 [poisoned by an adder]
  2462 | D:4      | Killed Natasha
  2603 | D:4      | Noticed Natasha
  2624 | D:4      | Slain by Natasha

Skill      XL: |  1  2  3  4 |
---------------+-------------+-----
Stealth        | 6 7 |  7.1
Throwing       | 2 |  2.7
Dodging        | 2 |  2.5
Fighting       | |  1.8
Short Blades   | |  2.9
Armour         | |  0.4

Action                   |  1- 3 |  4- 6 || total
-------------------------+-------+-------++-------
Melee: Dagger            |    74 |    48 ||   122
       Bite              |     8 |     3 ||    11
       Trident           |     4 |       ||     4
 Fire: Blowgun           |    43 |     6 ||    49
  Use: Potion            |     8 |     3 ||    11
       Scroll            |     3 |       ||     3
 Stab: Sleeping          |     3 |       ||     3
Armor: Robe              |    22 |       ||    22
       Scale mail        |    16 |    41 ||    57
Dodge: Dodged            |    60 |    27 ||    87
